 Dungeon Crawl Stone Soup version 0.30-a0-743-gbfdf073431 (webtiles) character file.

Game seed: 11892675119826255595

1007 cheesebisquit the Digger (level 8, -2/69 HPs)
             Began as a Gargoyle Earth Elementalist on Feb 6, 2023.
             Was an Initiate of Vehumet.
             Slain by an iguana (7 damage)
             ... on level 5 of the Dungeon.
             The game lasted 00:13:11 (4175 turns).

cheesebisquit the Digger (GrEE)                     Turns: 4175, Time: 00:13:11

Health: -2/69      AC: 24    Str: 12    XL:     8   Next: 20%
Magic:  14/14      EV:  2    Int: 18    God:    Vehumet [......]
Gold:   105        SH:  6    Dex: 10    Spells: 11/15 levels left

rFire   + . .      SeeInvis .    c - staff of earth
rCold   x . .      Faith    .    l - +2 buckler
rNeg    + . .      Spirit   .    (body armour currently unavailable)
rPois   ∞          Reflect  .    (helmet currently unavailable)
rElec   .          Harm     .    (cloak currently unavailable)
rCorr   .          Rampage  .    (gloves currently unavailable)
Will    .....      NoTele   +    (boots currently unavailable)
Stlth   ++                       u - amulet of magic regeneration
HPRegen 0.31/turn                s - ring of fire
MPRegen 0.54/turn                (no ring)

@: tree-form, weak-willed
A: stationary, stasis, torment immunity, boosted hp, sickness immunity, AC +5,
negative energy resistance 1, (electricity resistance), torment resistance 1,
petrification resistance
a: Renounce Religion


You were on level 5 of the Dungeon.
You worshipped Vehumet.
Vehumet was noncommittal.
You were a tree.
You visited 2 branches of the dungeon, and saw 6 of its levels.

You collected 105 gold pieces.

Inventory:

Missiles
 o - 9 poisoned darts
Armour
 a - a +1 robe (melded)
 e - a +0 pair of gloves (melded)
 g - a +1 ring mail of cold resistance
 l - a +2 buckler (worn)
Magical Staves
 c - a staff of earth (weapon)
Jewellery
 s - a ring of fire (left branch)
 u - an amulet of magic regeneration (around neck)
Scrolls
 h - a scroll of fog
 j - a scroll of identify
Potions
 b - a potion of magic
 i - a potion of heal wounds {unknown}
 m - 4 potions of attraction
 n - a potion of degeneration {unknown}
 q - a potion of curing {unknown}
 r - a potion of brilliance {unknown}
 t - a potion of resistance
 v - 3 potions of might


   Skills:
 + Level 3.5 Fighting
 + Level 2.0 Staves
 - Level 1.5 Dodging
 - Level 2.1 Stealth
 + Level 3.6 Shields
 + Level 4.3 Spellcasting
 - Level 0.7 Transmutations
 * Level 7.6 Earth Magic
 + Level 1.7 Evocations


You had 11 spell levels left.
You knew the following spells:

 Your Spells              Type           Power      Damage    Failure   Level
a - Sandblast             Erth           92%        2d19      1%          1
b - Stone Arrow           Conj/Erth      52%        3d10      12%         3

Your spell library contained the following spells:

 Spells                   Type           Power      Damage    Failure   Level
 Passwall                 Tmut/Erth      23%        N/A       4%          2
 Shock                    Conj/Air       12%        1d3       19%         1
 Slow                     Hex            12%        N/A       19%         1
 Summon Small Mammal      Summ           12%        N/A       19%         1
 Petrify                  Tmut/Erth      28%        N/A       32%         4
 Animate Armour           Summ/Erth      52%        N/A       36%         4
 Call Canine Familiar     Summ           3%         N/A       50%         3
 Confusing Touch          Hex            3%         N/A       50%         3
 Summon Guardian Golem    Hex/Summ       3%         N/A       50%         3
 Swiftness                Air            3%         N/A       50%         3
 Vampiric Draining        Necr           3%         2d6       50%         3
 Airstrike                Air            1%         2d(1-17)  88%         4
 Lehudib's Crystal Spear  Conj/Erth      13%        10d4      100%        8


Dungeon Overview and Level Annotations

Branches:
Dungeon (5/15)             Temple (1/1) D:4

Altars:
Ashenzari
Cheibriados
Dithmenos
Elyvilon
Fedhas
Gozag
Hepliaklqana
Kikubaaqudgha
Makhleb
Nemelex Xobeh
Okawaru
Qazlal
Ru
Sif Muna
Trog
Uskayaw
Vehumet
Wu Jian
Xom
Yredelemnul
The Shining One


Innate Abilities, Weirdness & Mutations

You are a tree.
Your roots penetrate the ground, keeping you stationary.
You cannot be teleported.
You are immune to unholy pain and torment.
Your maximum health is greatly increased.
Your equipment is partially melded.
You are immune to sickness and miasma.
((Your stone body is resilient. (AC +5)))
You are immune to poison.
You resist negative energy. (rN+)
((You are resistant to electric shocks. (rElec)))
You are resistant to unholy torment.
You are immune to petrification.


Message History

Okay, then.
As you read the scroll labelled RAZUR YMIASCH, it crumbles to dust.
The scroll dissolves into smoke.
It was a scroll of fog.
You block the ufetubus's attack. The ufetubus hits you.
* * * LOW HITPOINT WARNING * * *
The iguana bites you but does no damage.
The orc hits you with a +0 dagger.
* * * LOW HITPOINT WARNING * * *
The ufetubus hits you.
* * * LOW HITPOINT WARNING * * *
The ufetubus hits you but does no damage.
The orc wizard casts a spell at you. You resist with some effort.
The orc barely misses you.
As you read the scroll labelled TUGRITS TIODGH, it crumbles to dust.
It is a scroll of enchant armour.
Your +0 robe glows green for a moment.
The ufetubus closely misses you. You block the ufetubus's attack.
The iguana misses you. The orc hits you but does no damage. x2
The orc wizard points at you and mumbles some strange words.
The magic dart hits you.
* * * LOW HITPOINT WARNING * * *
As you read the scroll labelled MOGHUT IBLIH, it crumbles to dust.
Magic quickly surges around you.
It was a scroll of vulnerability.
The ufetubus hits you but does no damage.
You block the ufetubus's attack. You block the iguana's attack.
The orc hits you but does no damage. The orc wizard casts a spell at you.
The magic dart hits you but does no damage.
The ufetubus closely misses you.
The ufetubus hits you but does no damage.
The orc misses you.
It was a potion of lignification.
You turn into a tree.
Your +0 pair of gloves melds into your body.
Your +1 robe melds into your body.
Your roots penetrate the ground.
The scorpion stings you but does no damage.
The ufetubus hits you.
* * * LOW HITPOINT WARNING * * *
The ufetubus hits you but does no damage.
The iguana bites you!
You die...

....#........##
................#
................#
....................
###..#................
.....#................
........#...§§§§§.....
........#...§loo§.....
..?.........§§♣o§.....
#...#........#5s§.....
#........†...#§§§.....
#...........##.§....#.
##...........##....s.#
.............../.......
.......................
.......................
...................


You could see a scorpion (weak-willed), an iguana (weak-willed), an orc wizard
(weak-willed), 2 orcs and an ufetubus (weak-willed).

Vanquished Creatures
  Sigmund (D:3)
  2 black bears
  An ogre (D:4)
  A kobold brigand (D:4)
  A necrophage (D:5)
  A scorpion (D:4)
  2 hounds
  3 iguanas
  4 orc wizards (D:4)
  7 adders
  A dart slug (D:3)
  9 orcs
  8 ball pythons
  4 endoplasms
  4 giant cockroaches
  12 goblins
  4 hobgoblins
  2 jackals (D:1)
  10 kobolds
  5 quokkas
  A bat (D:2)
  5 frilled lizards
  9 rats
  A butterfly (D:4)
98 creatures vanquished.

Vanquished Creatures (others)
  3 plants (D:1)
3 creatures vanquished.

Grand Total: 101 creatures vanquished

Notes
Turn   | Place    | Note
-------+----------+-------------------------------------------
     0 | D:1      | cheesebisquit the Gargoyle Earth Elementalist began the
                  | quest for the Orb.
     0 | D:1      | Reached XP level 1. HP: 10/10 MP: 3/3
   134 | D:1      | Reached skill level 4 in Earth Magic
   134 | D:1      | Reached XP level 2. HP: 15/15 MP: 3/5
   474 | D:1      | Reached XP level 3. HP: 19/19 MP: 4/6
   951 | D:2      | Found a faded altar of an unknown god.
  1071 | D:2      | Learned a level 3 spell: Stone Arrow
  1304 | D:2      | Reached XP level 4. HP: 24/24 MP: 3/8
  1429 | D:2      | You fall into a shaft and drop 2 floors!
  1432 | D:4      | Noticed a kobold brigand
  1443 | D:4      | Killed a kobold brigand
  1444 | D:4      | Reached skill level 1 in Fighting
  1444 | D:4      | Reached skill level 1 in Shields
  1444 | D:4      | Reached skill level 5 in Earth Magic
  1444 | D:4      | Reached XP level 5. HP: 29/29 MP: 4/9
  2681 | D:3      | Noticed Sigmund
  2703 | D:3      | Killed Sigmund
  2704 | D:3      | Reached skill level 6 in Earth Magic
  2704 | D:3      | Reached XP level 6. HP: 32/36 MP: 9/11
  2889 | D:4      | Identified a scroll of acquirement
  2889 | D:4      | Acquired a staff of earth
  3267 | D:4      | Reached XP level 7. HP: 40/40 MP: 10/12
  3294 | D:4      | Reached skill level 1 in Staves
  3404 | D:4      | Reached skill level 1 in Evocations
  3409 | D:4      | Reached skill level 7 in Earth Magic
  3422 | D:4      | Found a staircase to the Ecumenical Temple.
  3428 | Temple   | Entered the Ecumenical Temple
  3673 | Temple   | Became a worshipper of Vehumet
  4137 | D:5      | Entered Level 5 of the Dungeon
  4140 | D:5      | Reached XP level 8. HP: 46/46 MP: 14/14
  4175 | D:5      | Slain by an iguana

Illustrated notes

Levels and vault maps discovered:
D:1:      ncdulo_watergridlock, layout_rooms, serial_forest,
          infiniplex_forest_corner_2, infiniplex_forest_lined_room_,
          infiniplex_forest_clump_medium, infiniplex_forest_corner_1,
          infiniplex_forest_split, infiniplex_forest_end_double,
          infiniplex_forest_straight_2, minmay_tall_x
D:2:      layout_loops_ring, hellmonk_ecumenical_altar_heavens_door,
          st_stairs_7, kennysheep_cross_bottleneck
D:3:      layout_basic, uniq_sigmund
D:4:      layout_loops_corners, minmay_temple_entry_butterflies
D:5:      layout_cave_pools
Temple:   mainiacjoe_temple_hex_bubbles

Skill      XL: |  1  2  3  4  5  6  7  8 |
---------------+-------------------------+-----
Earth Magic    | 4 5 6 7 |  7.6
Spellcasting   | 3 4 |  4.3
Fighting       | 1 2 3 |  3.5
Shields        | 1 2 3 |  3.6
Staves         | 1 2 |  2.0
Evocations     | 1 |  1.7
Dodging        | |  1.5
Stealth        | |  2.1
Transmutations | |  0.7

Action                     |  1- 3 |  4- 6 |  7- 9 || total
---------------------------+-------+-------+-------++-------
  Melee: Hand axe          |    19 |     1 |       ||    20
         Short sword       |     3 |       |       ||     3
         Staff             |       |       |    20 ||    20
   Cast: Sandblast         |    47 |    54 |    42 ||   143
    Use: Scroll            |       |     6 |     3 ||     9
         Potion            |       |       |     1 ||     1
   Stab: Sleeping          |     1 |       |       ||     1
 Armour: Robe              |    14 |     5 |    54 ||    73
         Skin              |       |       |     2 ||     2
  Dodge: Dodged            |    24 |    11 |    35 ||    70
  Block: Buckler           |     2 |     5 |    19 ||    26

Table legend: (Time is in decaauts)
 A = Elapsed time spent in this place.
 B = Non-inter-level travel time spent in this place.
 C = Inter-level travel time spent in this place.
 D = Time resting spent in this place.
 E = Time spent auto-exploring this place.
 F = Levels seen in this place.
 G = Mean time per level.
                   A        B        C        D        E       F      G
               +--------+--------+--------+--------+--------+-----+--------+
         Total |   4254 |   4113 |    141 |      0 |   3415 |   6 |  709.0 |
       Dungeon |   3975 |   3887 |     88 |      0 |   3193 |   5 |  795.0 |
        Temple |    278 |    225 |     53 |      0 |    222 |   1 |  278.0 |
               +--------+--------+--------+--------+--------+-----+--------+

Top non-repeatable levels by time:
     D:3: 1057 daAuts
     D:4: 1021 daAuts
     D:1: 946 daAuts
     D:2: 907 daAuts
  Temple: 278 daAuts
     D:5: 43 daAuts
